 Dungeon Crawl Stone Soup version 0.21.0-26-g889b8f6 (webtiles) character file.

629249 mazzystar the Slayer (level 27, -18/215 HPs)
             Began as a Gargoyle Fighter on Jan 21, 2018.
             Was the Champion of Makhleb.
             Killed from afar by an ancient lich (71 damage)
             ... with an iron shot
             ... summoned by a shadow demon
             ... on level 7 of Tartarus on Jan 27, 2018.
             The game lasted 01:50:29 (50769 turns).

mazzystar the Slayer (Gargoyle Fighter)            Turns: 50769, Time: 01:50:29

Health: -18/215    AC: 68    Str: 41    XL:     27
Magic:  0/33       EV: 15    Int:  6    God:    Makhleb [******]
Gold:   4580       SH: 17    Dex: 10    Spells: 26/26 levels left

rFire    + + .     SeeInvis +   g - +14 obsidian axe {chop, +Fly SInv *Curse} (curse)
rCold    + + .     Gourm    .   e - +0 shield {rF+}
rNeg     + + +     Faith    .   C - +10 crystal plate armour
rPois    ∞         Spirit   +   y - -2 hat of the Alchemist {rElec rPois rF+ rC+ rN+ MR+ rMut rCorr}
rElec    +         Reflect  .   Y - scarf {Spirit}
rCorr    +         Harm     .   l - +1 pair of gloves
rMut     +                      B - +1 pair of boots of Serendipity {rN+++ Str+4 Int-4 Dex-2}
MR       +++..                  O - amulet of Vitality {Regen+ HP+15}
Stlth    ..........             b - ring of Nemelex Xobeh's Hatred {rC+ SInv Stlth+}
HPRegen  0.85/turn              X - ring of Cut Riro {rN+ Str+8}
MPRegen  0.23/turn

@: about to teleport, flying, mesmerised
A: big wings, rugged brown scales 1, yellow scales 1, negative energy resistance
1, electricity resistance, unbreathing, petrification resistance, rot immunity,
subdued magic 1, AC +20
}: 3/15 runes: serpentine, barnacled, silver
a: Stop Flying, Minor Destruction, Lesser Servant of Makhleb, Major Destruction,
Greater Servant of Makhleb, Renounce Religion


You were on level 7 of Tartarus.
You worshipped Makhleb.
Makhleb was exalted by your worship.
You were near starving.

You visited 12 branches of the dungeon, and saw 54 of its levels.
You visited the Abyss 1 time.
You also visited: Ossuary.

You collected 7236 gold pieces.
You spent 2656 gold pieces at shops.

Inventory:

Hand Weapons
 g - the cursed +14 obsidian axe (weapon) {chop, +Fly SInv *Curse}
   (You found it on level 1 of the Shoals)

   It inflicts extra damage upon your enemies.
   It lets you see invisible.
   It lets you fly.
   It curses itself when equipped.
   It has a curse placed upon it.
 F - a +1 broad axe of flaming
Armour
 a - a +2 cloak
 e - a +0 shield of fire resistance (worn)
 j - a +2 large shield of cold resistance
 l - a +1 pair of gloves (worn)
 y - the -2 hat of the Alchemist (worn) {rElec rPois rF+ rC+ rN+ MR+ rMut rCorr}
   (You bought it in a shop on level 4 of the Snake Pit)

   It protects you from fire.
   It protects you from cold.
   It insulates you from electricity.
   It protects you from poison.
   It protects you from negative energy.
   It affects your resistance to hostile enchantments.
   It protects you from acid and corrosion.
   It protects you from mutation.
 B - the +1 pair of boots of Serendipity (worn) {rN+++ Str+4 Int-4 Dex-2}
   (You bought it in a shop on level 4 of the Snake Pit)

   It affects your strength (+4).
   It affects your intelligence (-4).
   It affects your dexterity (-2).
   It renders you almost immune to negative energy.
 C - a +10 crystal plate armour (worn)
 Y - a scarf of spirit shield (worn)
Jewellery
 b - the ring of Nemelex Xobeh's Hatred (left hand) {rC+ SInv Stlth+}
   (You bought it in a shop on level 5 of the Dungeon)

   [ring of see invisible]

   It protects you from cold.
   It lets you see invisible.
   It makes you more stealthy.
 O - the amulet of Vitality (around neck) {Regen+ HP+15}
   (You found it on level 2 of the Depths)

   [amulet of regeneration]

   It affects your health (+15).
   It increases your rate of regeneration.
 X - the ring of Cut Riro (right hand) {rN+ Str+8}
   (You found it on level 4 of the Depths)

   [ring of positive energy]

   It affects your strength (+8).
   It protects you from negative energy.
Wands
 c - a wand of flame (32)
 i - a wand of polymorph (16)
 Q - a wand of digging (19)
Scrolls
 d - 22 scrolls of identify
 h - 11 scrolls of magic mapping
 q - 2 scrolls of holy word (quivered)
 r - 2 scrolls of brand weapon
 t - 18 scrolls of teleportation
 x - 5 scrolls of blinking
 E - 18 scrolls of remove curse
 H - 11 scrolls of amnesia
 N - 7 scrolls of fear
 P - 10 scrolls of enchant weapon
 R - a scroll of fog
 U - 2 scrolls of summoning
Potions
 k - 15 potions of brilliance
 o - a potion of cancellation
 p - 4 potions of ambrosia
 s - 27 potions of curing
 v - 3 potions of haste
 z - 6 potions of magic
 A - 3 potions of resistance
 G - 10 potions of mutation
 J - 3 potions of agility
 L - 5 potions of heal wounds
 S - 3 potions of invisibility
 T - a potion of experience
 W - 3 potions of might
 Z - a potion of berserk rage
Comestibles
 f - 63 rations


   Skills:
 + Level 25.9 Fighting
 - Level 18.0(18.2) Axes
   Level 4.4(13.8) Maces & Flails
 * Level 25.7 Armour
 - Level 14.1 Dodging
 - Level 13.2 Stealth
 - Level 18.0 Shields
 - Level 14.0 Invocations


You had 26 spell levels left.
You didn't know any spells.

Dungeon Overview and Level Annotations

Branches:
Dungeon (15/15)            Temple (1/1) D:5            Lair (6/6) D:11
 Shoals (4/4) Lair:3        Snake (4/4) Lair:3        Slime (0/5) Lair:5
    Orc (2/2) D:10            Elf (2/3) Orc:2        Vaults (5/5) D:13
  Crypt (0/3) Vaults:2     Depths (5/5) D:15           Hell (1/1)
    Dis (0/7) Hell            Coc (0/7) Hell            Tar (7/7) Hell
    Zot (2/5) Depths:5
    Geh: Hell:1

Altars:
Ashenzari
Cheibriados
Dithmenos
Elyvilon
Fedhas
Gozag
Hepliaklqana
Kikubaaqudgha
Makhleb
Nemelex Xobeh
Okawaru
Ru
Sif Muna
Trog
Uskayaw
Vehumet
Wu Jian
Xom
Yredelemnul
Zin
Beogh

Shops:
D:5 =   Orc:2 %([[   Elf:1 !   Snake:3 [[=   Snake:4 [[=%   Vaults:3 (
Vaults:5 %%?}%%%%?   Depths:3 (   Depths:5 [}==

Portals:
Hell: Depths:1 Depths:2 Depths:3 Depths:4 Depths:5
Abyss: Depths:1 Depths:4 Depths:5
Pandemonium: Depths:2 Depths:3 Depths:4
Ziggurat: Depths:1

Annotations:
Lair:3 exclusion: 2 oklob plants
Tar:7 Ereshkigal


Innate Abilities, Weirdness & Mutations

You are resistant to torment.
Your stone body is resilient. (AC +20)
You are immune to poison.
Your large and strong wings let you fly indefinitely.
You resist negative energy. (rN+)
You are resistant to electric shocks. (rElec)
You can survive without breathing.
You are immune to petrification.
You are immune to rotting.
You are partially covered in rugged brown scales. (AC +1, +3% HP)
You are partially covered in yellow scales. (AC +2)
Your spells are a little easier to cast, but a little less powerful.


Message History

Blink to where?
Press: ? - help, Dir - move target cursor You cannot blink away from the cacodemon!
Blink to where?
Press: ? - help, Dir - move target cursor, f - you
Okay, then.
You slash the ancient lich!
The ancient lich is almost destroyed.
You slash the doom hound!
You kill the doom hound!
The doom hound's corpse dissolves into shadows!
You slash the phantasmal warrior! You hit the cacodemon but do no damage.
The Tzitzimitl calls on the powers of darkness!
Your body is wracked with pain!
* * * LOW HITPOINT WARNING * * *
The cacodemon hits you but does no damage.
You block the cacodemon's attack.
The ancient lich gestures at you while chanting.
The iron shot hits you!
You die... #..# # #..# ........# # #..# .......z# # #..# ...zWz44# # #..# ...W2422# # #..# ...z3WW2##### # #..# ..Z21z2&#... # #..# ..WVWz1L#.# # #..# .WWzzWz.@2#

# #..# #########W#
##### # #..# #.....#
#.4.# # #..#
#.#.#######.#3##### #
#..# #.344.....#..44.#
# #..#
#####.#############4###
#..#
#...#.#.....3.#...#.4.#
#..#
#.#.#.#.#####.#3#3###4#
#..#
#.#.#.#.#...#...#...#4#


You could see Ereshkigal (invisible), an ancient lich (invisible), 2
Tzitzimimeh, a cacodemon, a lorocyproca (invisible), 2 eidola, a blizzard demon,
8 skeletal warriors, 2 shadow demons, a vampire mage (invisible), a shadow
wraith (invisible), a phantasmal warrior, a rust devil, a freezing wraith, a
sixfirhy, a hellion, a tormentor, a phantom, a hungry ghost, a chaos spawn, 3
wraiths, a red devil, a flying skull and a fire giant zombie.

Vanquished Creatures
  Mara (Depths:2)
  Boris (Depths:4)
  Saint Roka (Vaults:1)
  5 caustic shrikes
  A caustic shrike (shapeshifter) (Depths:2)
  the Enchantress (Depths:4)
  6 golden dragons
  The ghost of pomescollege the Slayer, a veteran GrFi of Okawaru (Vaults:4)
  5 bone dragons
  A doom hound (Tar:1)
  9 Tzitzimimeh
  The ghost of magipi the Fencer, a veteran GrFi of Ru (Depths:2)
  Jorgrun (Vaults:3)
  Rupert (D:12)
  2 liches
  12 tentacled monstrosities
  Asterion (Vaults:1)
  3 titans
  2 death cobs (Zot:1)
  2 krakens
  4 tentacled starspawn
  3 sphinxes
  2 quicksilver dragons (Zot:1)
  An Executioner (Abyss:5)
  Polyphemus (Shoals:3)
  9 tengu reavers
  A storm dragon (shapeshifter) (Vaults:4)
  Ilsuiw (Shoals:4)
  A revenant (Abyss:4)
  6 shadow dragons
  5 storm dragons
  3 draconian monks (Zot:1)
  8 fire giants
  13 nagarajas
  13 vault wardens
  A ghost moth (Zot:1)
  4 frost giants
  Louise (D:15)
  2 draconian knights
  An iron dragon (Depths:4)
  A draconian scorcher (Zot:1)
  6 deep elf sorcerers
  3 deep elf elementalists
  3 orc warlords
  3 draconian annihilators
  18 ironheart preservers
  A cacodemon (Abyss:5)
  5 spriggan defenders (Depths:4)
  25 reapers
  A draconian shifter (Zot:1)
  2 draconian stormcallers (Zot:1)
  6 war gargoyles
  17 stone giants
  An entropy weaver (Vaults:4)
  15 very ugly things
  5 black draconians
  A green draconian (Zot:1)
  A vampire knight (Vaults:2)
  3 purple draconians
  3 deep elf demonologists
  A dire elephant (Lair:6)
  6 spark wasps (Depths:5)
  A red draconian (shapeshifter) (Abyss:4)
  A deep elf annihilator (Vaults:5)
  2 red draconians
  5 white draconians
  A quicksilver dragon zombie (Tar:1)
  4 yellow draconians
  5 merfolk javelineers (Shoals:4)
  10 ettins
  9 crystal guardians (Depths:2)
  3 blizzard demons
  4 deep elf death magi
  An eidolon (Abyss:4)
  A green death (Abyss:4)
  6 deep elf high priests
  5 merfolk impalers
  The ghost of lux767 the Fighter, a journeyman MfFi of Ru (D:11)
  5 great orbs of eyes
  3 jiangshi (Tar:7)
  29 vault guards
  8 fire dragons
  A quicksilver dragon skeleton (Tar:7)
  6 rakshasas
  10 yaktaur captains
  22 naga warriors
  3 ice dragons
  9 hydras
  2 catoblepae
  An ice dragon (shapeshifter) (Vaults:5)
  A merfolk avatar (Lair:6)
  16 ogre magi
  12 centaur warriors
  An alligator snapping turtle (Shoals:3)
  2 death knights
  6 spriggan air magi
  A satyr (Shoals:4)
  A hell beast (Depths:3)
  8 anacondas
  5 merfolk aquamancers
  56 two-headed ogres
  31 dancing weapons
  3 death yaks
  4 deep troll shamans
  6 hell hogs
  10 tengu warriors
  2 orc high priests (Orc:2)
  A storm dragon zombie (Tar:5)
  2 vampire magi
  9 deep troll earth magi
  A spriggan berserker (Depths:4)
  4 sun demons
  18 thrashing horrors
  6 soul eaters (Tar:7)
  17 naga sharpshooters
  14 deep elf knights
  3 wretched stars
  8 shock serpents
  2 iron golems (Hell)
  12 hell knights
  9 shadow wraiths
  A titan skeleton (Tar:7)
  An iron troll (Depths:1)
  A salamander mystic (Snake:3)
  2 spatial maelstroms
  28 skeletal warriors
  7 shadow demons
  5 sixfirhies
  A death drake (Tar:4)
  12 glowing orange brains
  2 flayed ghosts
  12 unseen horrors
  25 deep trolls
  15 deep elf archers
  7 sea snakes
  An anaconda zombie (Hell)
  4 obsidian statues (Depths:2)
  19 orc knights
  5 phantasmal warriors
  A harpy (shapeshifter) (D:15)
  13 ironbrand convokers
  3 mana vipers
  A wizard (Vaults:3)
  2 naga ritualists (Snake:4)
  An orange crystal statue (Abyss:5)
  3 iron dragon zombies
  29 harpies
  A lindwurm (Lair:4)
  2 shadow dragon zombies
  A wolf spider zombie (Tar:7)
  13 fauns
  3 anaconda skeletons
  3 necromancers
  44 deep elf magi
  A shining eye (shapeshifter) (Depths:1)
  2 fauns (shapeshifter)
  3 wolf spiders
  A shadow dragon skeleton (Tar:1)
  5 orc sorcerers
  A salamander (shapeshifter) (Vaults:2)
  7 slime creatures
  A cyclops (shapeshifter) (Depths:2)
  A worldbinder (Abyss:4)
  A stone giant zombie (Tar:7)
  A manticore (shapeshifter) (Depths:2)
  4 cyclopes
  34 ugly things
  13 manticores
  30 black mambas
  8 guardian serpents
  5 salamanders
  2 moths of wrath (Zot:2)
  3 shock serpent zombies
  A stone giant skeleton (Tar:6)
  7 merfolk sirens
  15 naga magi
  9 smoke demons
  14 elephants
  A frost giant skeleton (Tar:7)
  7 rust devils
  14 vault sentinels
  Maurice (D:8)
  2 water nymphs (shapeshifter)
  2 dire elephant zombies (Tar:7)
  9 water nymphs
  A fire giant skeleton (Hell)
  Joseph (D:8)
  A torpor snail (Lair:6)
  3 orange demons
  A spiny frog (shapeshifter) (Vaults:2)
  An eye of devastation (shapeshifter) (Depths:2)
  6 molten gargoyles (Depths:2)
  5 spectral swamp worms (Depths:4)
  13 spiny frogs
  2 ice statues (Hell)
  An apocalypse crab (Abyss:4)
  2 gargoyles
  A black mamba (shapeshifter) (Vaults:4)
  A centaur skeleton (D:11)
  A black draconian zombie (Tar:7)
  A storm dragon simulacrum (Hell)
  33 yaktaurs
  4 efreet
  3 hellions
  3 komodo dragons
  3 ice devils
  A yaktaur (shapeshifter) (Vaults:4)
  2 kobold demonologists (Depths:1)
  7 rime drakes
  4 tengu conjurers
  11 freezing wraiths
  4 tormentors
  5 ancient zymes
  3 red devils
  A hellwing (Abyss:4)
  20 merfolk
  A silent spectre (Tar:7)
  9 hornets
  7 wind drakes
  6 trolls
  A hornet (shapeshifter) (Vaults:5)
  A meliai (shapeshifter) (Vaults:3)
  3 meliai (D:13)
  3 tyrant leeches (Abyss:4)
  A hydra zombie (Tar:4)
  A harpy skeleton (Tar:7)
  A dream sheep (shapeshifter) (Vaults:2)
  7 snapping turtles
  25 raiju
  17 blink frogs
  4 polar bears
  A slime creature (shapeshifter) (Depths:2)
  A hippogriff (shapeshifter) (Vaults:4)
  2 fire dragon zombies
  11 dream sheep
  14 small abominations
  47 flying skulls
  The ghost of Morgon the Ducker, an amateur TeMo (D:4)
  13 hippogriffs
  A hydra skeleton (Hell)
  3 ettin skeletons (Tar:7)
  A tarantella (Vaults:4)
  A redback (shapeshifter) (Vaults:5)
  2 spriggans (Depths:4)
  45 yaks
  9 shadows
  2 ice dragon skeletons (Tar:7)
  20 air elementals
  4 basilisks
  3 redbacks (Vaults:4)
  A tarantella (shapeshifter) (Abyss:5)
  An alligator skeleton (Abyss:2)
  8 fire elementals
  23 large abominations
  23 water elementals
  11 wraiths
  4 hogs (D:8)
  A golden eye (shapeshifter) (Depths:4)
  11 neqoxecs
  9 wyverns
  A human (D:8)
  5 ynoxinuls
  Eustachio (D:6)
  7 hungry ghosts
  4 golden eyes (Abyss:4)
  11 chaos spawn
  9 wargs
  6 vampire mosquitoes
  67 nagas
  Edmund (D:6)
  6 acid dragons
  An insubstantial wisp (Depths:2)
  A swamp worm (shapeshifter) (Depths:2)
  3 hell hounds (Tar:7)
  A floating eye (shapeshifter) (Depths:2)
  7 porcupines
  10 water moccasins
  2 alligator simulacra (Hell)
  3 sky beasts
  5 ice beasts
  A snapping turtle zombie (Hell)
  A black bear (shapeshifter) (Depths:2)
  2 fire dragon simulacra
  65 orc warriors
  A manticore zombie (Hell)
  An eye of draining (D:15)
  10 necrophages
  3 wolves (Lair:4)
  6 boggarts
  A black bear (D:10)
  40 ogres
  A centaur (shapeshifter) (Depths:2)
  33 centaurs
  19 crocodiles
  A big kobold (D:9)
  A big kobold (shapeshifter) (Depths:3)
  17 earth elementals
  15 bullfrogs
  A glowing shapeshifter simulacrum (Vaults:2)
  A deep troll simulacrum (Vaults:1)
  A wyvern zombie (D:14)
  6 scorpions
  2 wyvern skeletons
  12 killer bees
  An orc simulacrum (Vaults:2)
  14 wights
  2 howler monkeys (D:11)
  6 centaur zombies
  6 crimson imps
  36 starcursed masses
  7 hounds
  2 quasits
  A bullfrog zombie (D:8)
  3 human zombies (Ossuary)
  8 jellies
  33 orc priests
  An iron imp (Depths:1)
  25 orc wizards
  6 hell rats (Hell)
  4 iguanas
  14 worker ants
  A naga skeleton (Tar:7)
  A hound skeleton (D:9)
  3 mummies (Ossuary)
  14 gnolls
  8 adders
  14 shadow imps
  5 oozes
  2 worms
  4 dart slugs
  4 leopard geckos
  164 orcs
  2 ball pythons
  9 bats
  9 giant cockroaches
  A goblin (shapeshifter) (Depths:2)
  11 hobgoblins
  5 jackals
  7 quokkas
  7 frilled lizards
  8 goblins
  A goblin zombie (Ossuary)
  A jackal zombie (D:7)
  10 kobolds
  A kobold zombie (Ossuary)
  A leopard gecko skeleton (D:5)
  An orc zombie (Ossuary)
  5 rats
  3 crawling corpses (Elf:1)
  5 fungi
  12 plants
  7 starspawn tentacles
  8 tentacles
2566 creatures vanquished.

Vanquished Creatures (collateral kills)
  Sojobo (Depths:2)
  Geryon (Hell)
  A bone dragon (Abyss:2)
  2 Tzitzimimeh (Tar:7)
  A tentacled monstrosity (Zot:1)
  An acid blob (shapeshifter) (Vaults:5)
  A titan (Vaults:5)
  A kraken (Shoals:4)
  2 tengu reavers (Vaults:5)
  A revenant (Abyss:5)
  3 shadow dragons
  3 storm dragons
  A cacodemon (Hell)
  7 nagarajas
  2 frost giants (Depths:4)
  A ghost moth (Zot:2)
  3 vault wardens
  A draconian stormcaller (Zot:2)
  7 reapers
  2 very ugly things
  5 ironheart preservers
  3 stone giants
  A green draconian (Zot:1)
  A deep elf demonologist (Vaults:5)
  3 red draconians
  3 deep elf annihilators
  A yellow draconian (Zot:1)
  A spark wasp (Depths:5)
  3 white draconians (Zot:1)
  4 ettins
  A blizzard demon (Hell)
  A fire dragon (Depths:3)
  A crystal guardian (Depths:2)
  A merfolk impaler (Shoals:4)
  2 yaktaur captains
  2 great orbs of eyes
  An ice dragon (shapeshifter) (Vaults:3)
  5 vault guards
  A rakshasa (Depths:4)
  8 two-headed ogres
  9 naga warriors
  A merfolk avatar (Shoals:4)
  2 anacondas (Snake:3)
  2 death yaks (Shoals:3)
  2 orc high priests (Depths:1)
  4 thrashing horrors
  A hell hog (Abyss:5)
  6 dancing weapons
  2 naga sharpshooters
  A shock serpent (Snake:3)
  A wretched star (Abyss:4)
  6 deep elf knights
  An iron troll (Depths:1)
  3 shadow wraiths
  2 skeletal warriors (Tar:7)
  A sixfirhy (Abyss:4)
  A soul eater (Hell)
  A hell knight (Depths:4)
  5 deep trolls
  A quicksilver dragon simulacrum (Hell)
  3 flayed ghosts
  An anaconda skeleton (Tar:7)
  A death drake (Tar:7)
  A shadow demon (Abyss:5)
  2 ironbrand convokers
  3 large abominations
  2 naga ritualists (Snake:3)
  4 sea snakes
  A glowing orange brain (Depths:2)
  A lindwurm (shapeshifter) (Vaults:5)
  2 deep elf archers
  9 harpies
  7 deep elf magi
  A cyclops (Vaults:1)
  2 phantasmal warriors (Vaults:5)
  3 ugly things
  A faun (shapeshifter) (Vaults:3)
  6 fauns
  A moth of wrath (Zot:1)
  3 manticores
  A salamander (Snake:3)
  7 merfolk sirens
  A worldbinder (Abyss:5)
  2 vault sentinels
  A guardian serpent (shapeshifter) (Depths:1)
  A water nymph (Shoals:2)
  2 guardian serpents
  8 black mambas
  2 rust devils (Hell)
  5 naga magi
  An orange demon (Abyss:4)
  A freezing wraith (Tar:7)
  3 tormentors
  2 yaktaurs
  An ice devil (Hell)
  An ancient zyme (Abyss:4)
  4 merfolk
  3 hydra zombies
  An alligator zombie (Tar:6)
  3 wind drakes
  16 raiju
  A slime creature (Vaults:2)
  A snapping turtle (Shoals:1)
  An alligator skeleton (Tar:5)
  An air elemental (Depths:2)
  2 flying skulls (Tar:5)
  A shadow (Tar:7)
  A spriggan (shapeshifter) (Depths:2)
  A wraith (Abyss:4)
  5 golden eyes (Abyss:4)
  3 water elementals
  A fire elemental (Hell)
  2 spatial vortices
  13 nagas (Snake:4)
  A small abomination (Abyss:4)
  An eye of draining (Abyss:4)
  2 orc warriors (Vaults:1)
  A necrophage (Tar:1)
  A snapping turtle zombie (Tar:7)
  A boggart (Depths:1)
  An ettin simulacrum (Vaults:2)
  6 ogres
  A centaur (Vaults:1)
  2 wights (Tar:7)
  A crimson imp (Hell)
  2 starcursed masses (Abyss:5)
  2 orc priests
  An orc wizard (Vaults:2)
  A hell rat (Hell)
  5 orcs
  A crawling corpse (Vaults:5)
  3 plants
  A starspawn tentacle (Abyss:5)
  A tentacle (Shoals:4)
330 creatures vanquished.

Vanquished Creatures (others)
  A vault warden (Vaults:5)
  2 war gargoyles (Depths:2)
  A dancing weapon (Elf:1)
  A hell hog (Abyss:2)
  3 naga sharpshooters
  A spatial maelstrom (Abyss:5)
  A glowing orange brain (Depths:2)
  A deep troll (Vaults:1)
  A black mamba (shapeshifter) (Elf:1)
  A wind drake (Depths:2)
  2 raiju
  4 dream sheep (D:10)
  A flying skull (Tar:7)
  2 water elementals
  A golden eye (Abyss:4)
  A fire elemental (Depths:2)
  A chaos spawn (Abyss:4)
  An ice beast (shapeshifter) (Depths:2)
  A boggart (Depths:1)
  A small abomination (Abyss:2)
  An earth elemental (Depths:2)
  An orc wizard (D:6)
  7 ball lightnings (Depths:2)
  An orc (Orc:2)
  A crawling corpse (Vaults:5)
  5 fungi
  3 lurking horrors
  38 plants
  6 starspawn tentacles
  7 tentacles
98 creatures vanquished.

Grand Total: 2994 creatures vanquished

Notes
Turn   | Place    | Note
-------+----------+-------------------------------------------
     0 | D:1      | mazzystar the Gargoyle Fighter began the quest for the Orb.
     0 | D:1      | Reached XP level 1. HP: 14/14 MP: 1/1
   133 | D:1      | Reached XP level 2. HP: 14/19 MP: 2/2
   134 | D:1      | Upgraded the game from 0.21.0-24-g2553a33 to 0.21.0-26-g889b8f6
   522 | D:1      | Reached XP level 3. HP: 23/23 MP: 3/3
  1292 | D:2      | Reached XP level 4. HP: 29/29 MP: 4/4
  2150 | D:3      | Reached XP level 5. HP: 26/33 MP: 5/5
  2632 | D:3      | Reached XP level 6. HP: 39/39 MP: 6/6
  2902 | D:4      | Found a radiant altar of Vehumet.
  2928 | D:4      | Noticed Morgon's ghost (amateur TeMo)
  2939 | D:4      | Killed Morgon's ghost
  2939 | D:4      | Reached skill level 5 in Fighting
  2939 | D:4      | Reached skill level 5 in Armour
  2940 | D:4      | Reached XP level 7. HP: 13/44 MP: 7/7
  3635 | D:5      | Entered Level 5 of the Dungeon
  3790 | D:5      | Found a staircase to the Ecumenical Temple.
  3812 | Temple   | Entered the Ecumenical Temple
  3875 | Temple   | Became a worshipper of Makhleb the Destroyer
  3951 | D:5      | Found Koosuocef's Jewellery Boutique.
  4383 | D:5      | Reached XP level 8. HP: 51/51 MP: 8/8
  4533 | D:6      | Noticed Eustachio
  4556 | D:6      | Killed Eustachio
  4829 | D:6      | Reached skill level 5 in Axes
  4877 | D:6      | Reached * piety under Makhleb
  5510 | D:6      | Noticed Edmund
  5525 | D:6      | Killed Edmund
  5528 | D:6      | Reached XP level 9. HP: 56/56 MP: 9/9
  6276 | D:7      | Found a sand-covered staircase.
  6283 | Ossuary  | Entered an ossuary
  6334 | Ossuary  | Reached ** piety under Makhleb
  6650 | D:4      | Found a sacrificial altar of Ru.
  7115 | D:8      | Noticed a two-headed ogre
  7129 | D:8      | Killed a two-headed ogre
  7129 | D:8      | Reached XP level 10. HP: 40/65 MP: 5/10
  7436 | D:8      | Noticed Maurice
  7460 | D:8      | Killed Maurice
  7604 | D:8      | Reached *** piety under Makhleb
  7698 | D:8      | Noticed Joseph
  7725 | D:8      | Killed Joseph
  8064 | D:9      | Noticed a red ugly thing
  8078 | D:9      | Killed a red ugly thing
  8300 | D:9      | Noticed a two-headed ogre
  8306 | D:9      | Noticed a two-headed ogre
  8341 | D:8      | Killed a two-headed ogre
  8341 | D:8      | Reached skill level 10 in Axes
  8341 | D:8      | Reached XP level 11. HP: 56/72 MP: 11/11
  8421 | D:9      | Killed a two-headed ogre
  8603 | D:9      | Reached skill level 10 in Fighting
  8603 | D:9      | Reached skill level 10 in Armour
  8851 | D:10     | Entered Level 10 of the Dungeon
  9070 | D:10     | Noticed a two-headed ogre
  9082 | D:9      | Killed a two-headed ogre
  9146 | D:10     | Reached **** piety under Makhleb
  9354 | D:10     | Found a shimmering altar of Xom.
  9557 | D:10     | Found a roughly hewn altar of Beogh.
  9557 | D:10     | Found a staircase to the Orcish Mines.
  9661 | D:10     | Reached ***** piety under Makhleb
  9686 | D:10     | Noticed an unseen horror
  9694 | D:10     | Killed an unseen horror
  9710 | D:10     | Found Allumeha's Food Shoppe.
  9923 | D:11     | Noticed lux767's ghost (journeyman MfFi)
  9946 | D:11     | Killed lux767's ghost
 10052 | D:11     | Noticed a two-headed ogre
 10056 | D:11     | Reached XP level 12. HP: 70/79 MP: 12/12
 10067 | D:11     | Killed a two-headed ogre
 10213 | D:11     | Noticed a two-headed ogre
 10221 | D:11     | Killed a two-headed ogre
 10549 | D:11     | Found a staircase to the Lair.
 10958 | D:12     | Noticed a two-headed ogre
 10969 | D:12     | Killed a two-headed ogre
 11112 | D:12     | Noticed Rupert
 11125 | D:12     | Killed Rupert
 11668 | D:13     | Reached skill level 1 in Invocations
 11688 | D:13     | Noticed a two-headed ogre
 11689 | D:13     | Noticed a two-headed ogre
 11689 | D:13     | Found a gate to the Vaults.
 11690 | D:13     | Noticed an ogre mage
 11691 | D:13     | Noticed a centaur warrior
 11698 | D:13     | Killed a two-headed ogre
 11698 | D:13     | Reached XP level 13. HP: 86/86 MP: 11/14
 11704 | D:13     | Reached skill level 1 in Dodging
 12183 | D:13     | Reached ****** piety under Makhleb
 12183 | D:13     | Reached skill level 5 in Invocations
 13297 | D:15     | Entered Level 15 of the Dungeon
 13318 | D:15     | Gained mutation: Your large and strong wings let you fly indefinitely. [Gargoyle growth]
 13318 | D:15     | Reached XP level 14. HP: 79/94 MP: 18/20
 13409 | D:15     | Noticed Louise
 13563 | Lair:1   | Entered Level 1 of the Lair of Beasts
 13923 | Lair:1   | Reached skill level 5 in Dodging
 14069 | Lair:1   | Found a deep blue altar of Sif Muna.
 14851 | Lair:2   | Reached skill level 10 in Invocations
 15042 | Lair:3   | Found a staircase to the Shoals.
 15518 | Lair:3   | Found a staircase to the Snake Pit.
 16815 | Lair:5   | Found a staircase to the Slime Pits.
 17435 | Lair:5   | Reached XP level 15. HP: 100/100 MP: 18/23
 17928 | Lair:6   | Entered Level 6 of the Lair of Beasts
 18257 | Lair:6   | Got a slimy hand axe
 18258 | Lair:6   | Identified the +9 hand axe "Ofothrokk" {flame, rF+ rN+ Str+2 Dex+4} (You found it on level 6 of the Lair of Beasts)
 18963 | Orc:1    | Entered Level 1 of the Orcish Mines
 19068 | Orc:2    | Entered Level 2 of the Orcish Mines
 19187 | Orc:2    | Found a roughly hewn altar of Beogh.
 19205 | Orc:2    | Found a radiant altar of Vehumet.
 19296 | Orc:2    | Reached skill level 1 in Stealth
 19374 | Orc:2    | Found a staircase to the Elven Halls.
 19429 | Orc:2    | Noticed an orc warlord
 19456 | Orc:2    | Killed an orc warlord
 19456 | Orc:2    | Reached skill level 15 in Fighting
 19530 | Orc:2    | Found a roughly hewn altar of Beogh.
 19559 | Orc:2    | Found Unibodgh's Antique Armour Boutique.
 19563 | Orc:2    | Found Ossatocu's Antique Weapon Shop.
 19565 | Orc:2    | Found a roughly hewn altar of Beogh.
 19585 | Orc:2    | Bought a pair of bloodstained boots for 285 gold pieces
 19585 | Orc:2    | Bought an embroidered hat for 210 gold pieces
 19596 | Orc:2    | Identified the +0 pair of boots "Mizu Sel" {rF+ Int+5} (You bought it in a shop on level 2 of the Orcish Mines)
 19636 | Orc:2    | Found a roughly hewn altar of Beogh.
 19653 | Orc:2    | Found Ixonani's Armour Boutique.
 19713 | Orc:2    | Noticed an orc warlord
 19762 | Orc:2    | Killed an orc warlord
 19806 | Orc:2    | Found a roughly hewn altar of Beogh.
 19863 | Orc:2    | Found a roughly hewn altar of Beogh.
 19915 | Orc:2    | Found a roughly hewn altar of Beogh.
 19955 | Orc:2    | Found Razomeur's Food Emporium.
 21339 | D:15     | Reached XP level 16. HP: 108/108 MP: 21/24
 21484 | D:15     | Found a staircase to the Depths.
 21789 | D:15     | Killed Louise
 21789 | D:15     | Reached skill level 5 in Stealth
 22141 | Snake:1  | Entered Level 1 of the Snake Pit
 22580 | Snake:1  | Reached skill level 10 in Dodging
 22750 | Snake:1  | Found a frozen archway.
 23015 | Snake:2  | Noticed a nagaraja
 23018 | Snake:2  | Noticed a nagaraja
 23026 | Snake:2  | Noticed a nagaraja
 23032 | Snake:2  | Killed a nagaraja
 23035 | Snake:2  | Killed a nagaraja
 23053 | Snake:2  | Killed a nagaraja
 23068 | Snake:2  | Got a dazzling morningstar {crush}
 23069 | Snake:2  | Identified the +8 morningstar of Instinct {crush, Fragile rElec Dex+3 SInv} (You took it off a naga on level 2 of the Snake Pit)
 23163 | Snake:2  | Noticed a nagaraja
 23175 | Snake:2  | Killed a nagaraja
 23396 | Snake:2  | Reached XP level 17. HP: 112/115 MP: 20/25
 23917 | Snake:3  | Found Voklarig's Jewellery Shoppe.
 23922 | Snake:3  | Found Queppoef's Armour Emporium.
 23923 | Snake:3  | Found Betann's Antique Armour Shoppe.
 24127 | Snake:4  | Entered Level 4 of the Snake Pit
 24129 | Snake:4  | Found Kimicwu's Food Emporium.
 24142 | Snake:4  | Found Keud's Jewellery Emporium.
 24176 | Snake:4  | Found Ugodell's Armour Emporium.
 24192 | Snake:4  | Found Gofusat's Antique Armour Emporium.
 24209 | Snake:4  | Bought the -2 hat of the Alchemist {rElec rPois rF+ rC+ rN+ MR+ rMut rCorr} for 1368 gold pieces
 24209 | Snake:4  | Found the -2 hat of the Alchemist {rElec rPois rF+ rC+ rN+ MR+ rMut rCorr}
 24209 | Snake:4  | Bought a pair of jewelled boots for 275 gold pieces
 24220 | Snake:4  | Identified the +1 pair of boots of Serendipity {rN+++ Str+4 Int-4 Dex-2} (You bought it in a shop on level 4 of the Snake Pit)
 24445 | Snake:4  | Found a runed door.
 24874 | Snake:4  | Reached XP level 18. HP: 118/123 MP: 20/27
 25122 | Snake:4  | Got a pitted buckler
 25133 | Snake:4  | Identified the +0 buckler "Kytaeth" {*Contam rElec rPois Dex+9} (You found it on level 4 of the Snake Pit)
 25361 | Snake:4  | Got a serpentine rune of Zot
 26199 | D:5      | Bought the ring of Nemelex Xobeh's Hatred {rC+ SInv Stlth+} for 413 gold pieces
 26480 | Shoals:1 | Entered Level 1 of the Shoals
 26486 | Shoals:1 | Found the cursed +14 obsidian axe {chop, +Fly SInv *Curse}
 26790 | Elf:1    | Entered Level 1 of the Elven Halls
 26933 | Elf:1    | Found Tofan's Distillery.
 27941 | Elf:2    | Found a huge runed gate.
 27941 | Elf:2    | Found a huge runed gate.
 27941 | Elf:2    | Found a huge runed gate.
 27942 | Elf:2    | Found a huge runed gate.
 27943 | Elf:2    | Found a huge runed gate.
 27989 | Elf:2    | Reached skill level 15 in Axes
 27991 | Elf:2    | Reached XP level 19. HP: 109/130 MP: 18/29
 28884 | Vaults:1 | Entered Level 1 of the Vaults
 28992 | Depths:1 | Entered Level 1 of the Depths
 29169 | Depths:1 | Found a gateway to Hell.
 29199 | Depths:1 | Found a deep blue altar of Sif Muna.
 29251 | Depths:1 | Got a clouded emerald amulet
 29337 | Depths:1 | Found a gateway to a ziggurat.
 29797 | Depths:1 | Identified the amulet "Teyq Qaj" {RegenMP Int+2} (You took it off a deep elf demonologist on level 1 of the Depths)
 29810 | Depths:1 | Found a one-way gate to the infinite horrors of the Abyss.
 30163 | Depths:2 | Reached XP level 20. HP: 139/139 MP: 30/30
 30231 | Depths:2 | Noticed magipi's ghost (veteran GrFi)
 30243 | Depths:2 | Noticed a juggernaut
 30243 | Depths:2 | a shadow dragon changed into a juggernaut
 30244 | Depths:2 | Noticed Sojobo
 30251 | Depths:2 | Noticed an iron giant
 30251 | Depths:2 | a juggernaut changed into an iron giant
 30253 | Depths:2 | an iron giant changed into an acid blob
 30255 | Depths:2 | Noticed a golden dragon
 30255 | Depths:2 | an acid blob changed into a golden dragon
 30261 | Depths:2 | a golden dragon changed into an acid blob
 30262 | Depths:2 | Noticed a caustic shrike
 30262 | Depths:2 | an acid blob changed into a caustic shrike
 30268 | Depths:2 | Noticed Mara
 30382 | Depths:2 | Killed Sojobo
 30479 | Depths:2 | Killed magipi's ghost
 30532 | Depths:2 | Killed Mara
 30650 | Depths:2 | Noticed a caustic shrike
 30660 | Depths:2 | Killed a caustic shrike
 33058 | Shoals:3 | Noticed Polyphemus
 33074 | Shoals:3 | Killed Polyphemus
 33218 | Shoals:3 | Reached XP level 21. HP: 146/146 MP: 31/31
 33491 | Shoals:4 | Entered Level 4 of the Shoals
 33491 | Shoals:4 | Noticed Ilsuiw
 33506 | Shoals:4 | Killed Ilsuiw
 33691 | Shoals:4 | Got a barnacled rune of Zot
 34935 | Depths:2 | Reached skill level 5 in Shields
 35346 | Depths:2 | Found a one-way gate leading to the halls of Pandemonium.
 35368 | Depths:2 | Identified Sif Muna's Compendium of the Helpful Mountains
 35395 | Depths:2 | Found the amulet of Vitality {Regen+ HP+15}
 35398 | Depths:2 | Identified Xaasituid's Compendium of the Fetching Compass
 35424 | Depths:2 | Got a heavily runed buckler
 35425 | Depths:2 | Identified the +1 buckler of the Unbroken {rN+} (You found it on level 2 of the Depths)
 36062 | Depths:3 | Found Ratsora's Weapon Shop.
 36196 | Depths:3 | Found a snail-covered altar of Cheibriados.
 36269 | Depths:4 | Reached skill level 10 in Shields
 36423 | Depths:4 | Reached XP level 22. HP: 153/153 MP: 29/32
 36884 | Depths:4 | Noticed the Enchantress
 36909 | Depths:4 | Killed the Enchantress
 37028 | Depths:4 | Noticed Boris
 37034 | Depths:4 | Killed Boris
 37253 | Depths:4 | Noticed a golden dragon
 37254 | Depths:4 | Noticed a caustic shrike
 37268 | Depths:4 | Killed a caustic shrike
 37273 | Depths:4 | Killed a golden dragon
 37388 | Depths:4 | Got an ancient bone ring
 37430 | Depths:4 | Identified the ring of Cut Riro {rN+ Str+8} (You found it on level 4 of the Depths)
 37473 | Depths:5 | Entered Level 5 of the Depths
 37542 | Depths:5 | Reached skill level 15 in Shields
 37682 | Depths:5 | Found Pitydum's Antique Armour Emporium.
 37742 | Depths:5 | Noticed a caustic shrike
 37744 | Depths:5 | Noticed a caustic shrike
 37745 | Depths:5 | Noticed a caustic shrike
 37745 | Depths:5 | Noticed a caustic shrike
 37748 | Depths:5 | Killed a caustic shrike
 37755 | Depths:5 | Killed a caustic shrike
 37756 | Depths:5 | Killed a caustic shrike
 37761 | Depths:5 | Killed a caustic shrike
 37792 | Depths:5 | Reached XP level 23. HP: 159/159 MP: 18/33
 37875 | Depths:5 | Found a gate to the Realm of Zot.
 37972 | Depths:5 | Noticed a golden dragon
 37981 | Depths:5 | Killed a golden dragon
 38231 | Depths:5 | Found Eqeejuph's Gadget Emporium.
 38231 | Depths:5 | Found Tonn's Jewellery Boutique.
 38232 | Depths:5 | Found Ulierer's Jewellery Boutique.
 38803 | Vaults:1 | Noticed Asterion
 38817 | Vaults:1 | Killed Asterion
 38980 | Vaults:1 | Noticed Saint Roka
 38996 | Vaults:1 | Killed Saint Roka
 39092 | Vaults:1 | Reached skill level 10 in Stealth
 39759 | Vaults:2 | Found a staircase to the Crypt.
 40506 | Vaults:2 | Got a coiled tin ring
 40510 | Vaults:2 | Reached XP level 24. HP: 166/166 MP: 33/33
 40517 | Vaults:2 | Identified the ring "Roowneuwn" {rC+ AC+3} (You found it on level 2 of the Vaults)
 41201 | Vaults:3 | Noticed Jorgrun
 41221 | Vaults:3 | Killed Jorgrun
 41492 | Vaults:3 | Reached skill level 15 in Armour
 41790 | Vaults:3 | Found Seduliur's Weapon Shoppe.
 42056 | Vaults:3 | Identified a scroll of acquirement
 43663 | Vaults:4 | Reached XP level 25. HP: 173/173 MP: 32/33
 43674 | Vaults:4 | Noticed pomescollege's ghost (veteran GrFi)
 43702 | Vaults:4 | Killed pomescollege's ghost
 43821 | Vaults:4 | Cast into level 2 of the Abyss (a deep elf sorcerer)
 43825 | Abyss:2  | Found a corrupted altar of Lugonu.
 44859 | Abyss:5  | Entered Level 5 of the Abyss
 44942 | Abyss:5  | Gained mutation: Your body sometimes deteriorates upon taking damage. [a cacodemon]
 45014 | Abyss:5  | Lost intelligence.
 45023 | Abyss:5  | Paralysed by you for 6 turns
 45031 | Abyss:5  | Gained mutation: You are partially covered in rugged brown scales. (AC +1, +3% HP) [a neqoxec]
 45070 | Abyss:5  | Paralysed by accursed screaming for 1 turns
 45073 | Abyss:5  | Paralysed by accursed screaming for 1 turns
 45162 | Vaults:4 | Escaped the Abyss
 45473 | Vaults:5 | Entered Level 5 of the Vaults
 45490 | Vaults:5 | Reached XP level 26. HP: 188/188 MP: 27/33
 45512 | Vaults:5 | Gained mutation: Your body often deteriorates upon taking damage. [a cacodemon]
 45608 | Vaults:5 | Identified Sif Muna's Disquisition on Envenoming and Arcane Weapons
 45679 | Vaults:5 | Lost mutation: Your body often deteriorates upon taking damage. [potion of mutation]
 45679 | Vaults:5 | Gained mutation: Armour fits poorly on your strangely shaped body. [potion of mutation]
 45680 | Vaults:5 | Lost mutation: Your body sometimes deteriorates upon taking damage. [potion of mutation]
 45680 | Vaults:5 | Lost mutation: Armour fits poorly on your strangely shaped body. [potion of mutation]
 45680 | Vaults:5 | Gained mutation: You are partially covered in yellow scales. (AC +2) [potion of mutation]
 45910 | Vaults:5 | Identified the Papyrus of Unholy Rites and Curses
 45914 | Vaults:5 | Identified Sif Muna's Grimoire of Conjuration and Stolen Souls
 46065 | Vaults:5 | Found Boligrin's Food Shop.
 46065 | Vaults:5 | Found Difydyos's Food Shoppe.
 46104 | Vaults:5 | Found Ceonkaco's Food Emporium.
 46104 | Vaults:5 | Found Joss's Food Boutique.
 46122 | Vaults:5 | Found Tiss's Magic Scroll Shoppe.
 46146 | Vaults:5 | Bought a scroll of enchant armour for 105 gold pieces
 46174 | Vaults:5 | Found Jihum's Food Shop.
 46185 | Vaults:5 | Found Jyotyf's Magic Scroll Emporium.
 46202 | Vaults:5 | Found Sesmap's Food Shoppe.
 46293 | Vaults:5 | Found Toboenack's Gadget Boutique.
 46442 | Vaults:5 | Got a silver rune of Zot
 47125 | Zot:1    | Entered Level 1 of the Realm of Zot
 47146 | Zot:1    | Reached XP level 27. HP: 173/195 MP: 16/33
 47880 | Hell     | Entered the Vestibule of Hell
 47880 | Hell     | Noticed Geryon
 47902 | Hell     | Killed Geryon
 48040 | Hell     | Found a gateway to the Iron City of Dis.
 48169 | Hell     | Found a gateway to the freezing wastes of Cocytus.
 48285 | Hell     | Found a gateway to the decaying netherworld of Tartarus.
 48316 | Tar:1    | Entered Level 1 of Tartarus
 49100 | Tar:7    | Entered Level 7 of Tartarus
 50734 | Tar:7    | Noticed Ereshkigal
 50736 | Tar:7    | Noticed an ancient lich
 50768 | Tar:7    | Gained mutation: Your spells are a little easier to cast, but a little less powerful. [a cacodemon]
 50769 | Tar:7    | Killed from afar by an ancient lich

Skill      XL: |  1  2  3  4  5  6  7  8  9 10 11 12 13 14 15 16 17 18 19 20 21 22 23 24 25 26 27 |
---------------+----------------------------------------------------------------------------------+-----
Maces & Flails | 3 4 |  4.4
Fighting       | 4 5 6 8 9 10 12 13 14 15 16 17 18 19 20 21 22 23 24 25 | 25.9
Armour         | 4 5 6 8 9 10 11 13 16 19 22 25 | 25.7
Axes           | 2 4 5 8 10 11 12 13 15 16 18 | 18.0
Invocations    | 2 8 11 12 14 | 14.0
Dodging        | 4 6 8 11 12 13 14 | 14.1
Shields        | 4 10 16 18 | 18.0
Stealth        | 4 8 9 11 13 | 13.2

Action                   |  1- 3 |  4- 6 |  7- 9 | 10-12 | 13-15 | 16-18 | 19-21 | 22-24 | 25-27 || total
-------------------------+-------+-------+-------+-------+-------+-------+-------+-------+-------++-------
Melee: Flail             |    14 |       |       |       |    18 |       |       |       |       ||    32
       Hand axe          |    71 |   153 |   495 |   772 |  1178 |  1285 |       |       |       ||  3954
       War axe           |       |       |       |       |   278 |       |       |       |       ||   278
       Scimitar          |       |       |       |       |    48 |       |       |       |       ||    48
       Broad axe         |       |       |       |       |       |   140 |  1155 |  1123 |  2002 ||  4420
Invok: Greater Servant o |       |       |       |       |       |     9 |       |       |       ||     9
       Major Destruction |       |       |       |       |       |       |     1 |       |       ||     1
 Abil: Fly               |       |       |       |       |     1 |       |       |       |       ||     1
  Use: Potion            |       |     1 |     4 |     3 |       |     2 |       |       |     5 ||    15
       Scroll            |       |       |    18 |     4 |     9 |     2 |    12 |     6 |     3 ||    54
 Stab: Distracted        |       |       |       |       |       |    10 |    16 |    17 |    40 ||    83
       Confused          |       |       |       |       |       |     2 |       |       |       ||     2
       Petrified         |       |       |       |       |       |       |       |     5 |       ||     5
  Eat: Chunk             |     1 |     6 |    13 |    21 |    30 |     8 |     8 |    17 |     5 ||   109
       Ration            |       |       |       |     1 |     1 |     4 |     6 |     2 |     6 ||    20
Armor: Scale mail        |    25 |       |       |       |       |       |       |       |       ||    25
       Ring mail         |    24 |    59 |       |       |       |       |       |       |       ||    83
       Crystal plate arm |       |       |   398 |   659 |  1435 |   870 |   761 |   470 |  1224 ||  5817
Dodge: Dodged            |    45 |    87 |    61 |   130 |   539 |   451 |   469 |   286 |   704 ||  2772
Block: Buckler           |       |       |       |       |   317 |   449 |   238 |       |       ||  1004
       Reflection        |       |       |       |       |     8 |    59 |    23 |       |       ||    90
       Shield            |       |       |       |       |       |       |   112 |   655 |  1365 ||  2132
       Rpst.: Scimitar   |       |       |       |       |    18 |       |       |       |       ||    18
